 Dungeon Crawl Stone Soup version 0.19.0-2-gae57169 (webtiles) character file.

231023 Vasilisck the Peltast (level 18, -10/155 HPs)
             Began as a Demonspawn Fighter on Nov 3, 2016.
             Was a Priest of Uskayaw.
             Mangled by a titanic slime creature (72 damage)
             ... on level 3 of the Swamp on Nov 5, 2016.
             The game lasted 01:55:51 (35892 turns).

Vasilisck the Peltast (Demonspawn Fighter)         Turns: 35892, Time: 01:55:51

Health: -10/155    AC: 30    Str: 24    XL:     18   Next: 78%
Magic:  26/26      EV: 11    Int: 10    God:    Uskayaw [***...]
Gold:   1620       SH: 20    Dex: 17    Spells: 0 memorised, 17 levels left

rFire  + + .     SeeInvis +     T - +9 broad axe
rCold  + + .     Gourm    .     k - +4 gold dragon scales
rNeg   . . .     Faith    .     c - +1 shield
rPois  +         Spirit   .     (helmet unavailable)
rElec  .         Reflect  +     b - +2 cloak {rC+}
rCorr  .         Harm     .     S - +0 pair of gloves
MR     ++...                    (no boots)
Stlth  ..........               D - +4 amulet of reflection
                                G - +4 ring of dexterity
                                F - ring of protection from fire

@: no status effects
A: horns 3, rugged brown scales 2, see invisible, foul stench 1, high mp 1,
magic resistance 1, spiny 2, wild magic 1, evolution 1, rot immunity
a: Stomp, Line Pass, Renounce Religion
}: 1/15 runes: gossamer


You were on level 3 of the Swamp.
You worshipped Uskayaw.
Uskayaw was aware of your devotion.
You were hungry.

You visited 5 branches of the dungeon, and saw 30 of its levels.
You also visited: Sewer, Ossuary and Ice Cave.

You collected 3142 gold pieces.
You spent 1522 gold pieces at shops.

Inventory:

Hand Weapons
 T - a +9 broad axe (weapon)
Armour
 b - a +2 cloak of cold resistance (worn)
 c - a +1 shield (worn)
 k - +4 gold dragon scales (worn)
 S - a +0 pair of gloves (worn)
Jewellery
 e - an uncursed ring of ice
 h - an uncursed amulet of magic regeneration
 i - a +2 ring of intelligence
 j - an uncursed ring of magical power
 m - an uncursed ring of positive energy
 D - a +4 amulet of reflection (around neck)
 E - a +6 ring of intelligence
 F - a ring of protection from fire (left hand)
 G - a +4 ring of dexterity (right hand)
 M - a +5 ring of dexterity
 W - a -3 ring of evasion
Wands
 n - a wand of polymorph (13/24)
 q - a wand of flame (42/48)
 u - a wand of polymorph (9/24)
 A - a wand of acid (0/15)
 I - a wand of lightning (7/15)
 Z - a wand of iceblast (2/15)
Scrolls
 g - a scroll of fear
 p - a scroll of recharging
 s - 13 scrolls of teleportation
 y - a scroll of amnesia
 z - a scroll of magic mapping
 H - 11 scrolls of remove curse
 O - 11 scrolls of identify
 Q - a scroll of enchant weapon
Potions
 d - 6 potions of might
 o - 6 potions of curing
 v - 8 potions of agility
 w - a potion of berserk rage
 x - 4 potions of haste
 B - 3 potions of resistance
 J - a potion of invisibility
 L - a potion of flight
Books
 a - Roxanne's Papyrus of Moulding
   (You took it off Roxanne on level 1 of the Spider Nest)

   Spells                             Type                      Level
   a - Spider Form                    Transmutation/Poison         3
   b - Ice Form                       Ice/Transmutation            4
   c - Statue Form                    Transmutation/Earth          6
   d - Hydra Form                     Transmutation                6
 l - a book of the Tempests

   Spells                             Type                      Level
   a - Static Discharge               Conjuration/Air              3
   b - Lightning Bolt                 Conjuration/Air              5
   c - Fireball                       Conjuration/Fire             5
   d - Tornado                        Air                          9
   e - Shatter                        Earth                        9
 r - a book of Changes

   Spells                             Type                      Level
   a - Beastly Appendage              Transmutation                1
   b - Sticks to Snakes               Transmutation                2
   c - Spider Form                    Transmutation/Poison         3
   d - Ice Form                       Ice/Transmutation            4
   e - Blade Hands                    Transmutation                5
 K - a Young Poisoner's Handbook

   Spells                             Type                      Level
   a - Sting                          Conjuration/Poison           1
   b - Mephitic Cloud                 Conjuration/Poison/Air       3
   c - Olgreb's Toxic Radiance        Poison                       4
   d - Alistair's Intoxication        Transmutation/Poison         5
   e - Venom Bolt                     Conjuration/Poison           5
 X - a book of Battle

   Spells                             Type                      Level
   a - Infusion                       Charms                       1
   b - Shroud of Golubria             Charms/Translocation         2
   c - Song of Slaying                Charms                       2
   d - Spectral Weapon                Hexes/Charms                 3
   e - Regeneration                   Charms/Necromancy            3
Miscellaneous
 V - a disc of storms
Comestibles
 f - 11 bread rations
 t - 10 meat rations
 C - 12 royal jellies
 U - 4 fruits


   Skills:
 - Level 14.9 Fighting
 - Level 13.3 Axes
 - Level 13.6 Armour
 + Level 11.9 Dodging
 - Level 15.2 Shields
 - Level 8.2 Invocations


You had 17 spell levels left.
You didn't know any spells.

Dungeon Overview and Level Annotations

Branches:
Dungeon (15/15)            Temple (0/1) D:6            Lair (6/6) D:10
  Swamp (3/4) Lair:3       Spider (4/4) Lair:3        Slime (0/5) Lair:5
    Orc (2/2) D:11            Elf (0/3) Orc:2        Vaults (0/5) D:14
 Depths (0/5) D:15

Altars:
Ashenzari
Fedhas
Gozag
Kikubaaqudgha
Makhleb
Okawaru
Qazlal
Ru
Trog
Uskayaw
Xom
Yredelemnul
Zin
The Shining One
Beogh
Jiyva

Shops:
D:6 !   D:7 ?   D:8 [   D:10 }*:   D:14 (   Orc:2 %}[(%

Portals:
Trove: D:13 (show abyssal rune of Zot)


Innate Abilities, Weirdness & Mutations

You have a pair of large horns on your head.
You are mostly covered in rugged brown scales. (AC +2, +5% HP)
You may emit foul miasma when damaged in melee.
You are mostly covered in sharp spines.
You are immune to rotting.
You have supernaturally acute eyesight. (SInv)
You have an increased reservoir of magic. (+10% MP)
You are resistant to hostile enchantments. (MR+)
Your spells are a little harder to cast, but a little more powerful.
You evolve.


Message History

You slice the titanic slime creature!!
Your headbutt misses the titanic slime creature.
The titanic slime creature is heavily wounded.
You block the titanic slime creature's attack.
Uskayaw will force your foes to helplessly watch your dance.
Uskayaw prepares the audience for your solo!
The helpless titanic slime creature fails to defend itself.
You slash the titanic slime creature!
The titanic slime creature is severely wounded.
The helpless titanic slime creature fails to defend itself.
You slash the titanic slime creature!
You headbutt the titanic slime creature!
The titanic slime creature is severely wounded.
The titanic slime creature is no longer paralysed.
You block the titanic slime creature's attack.
You slash the titanic slime creature!
The titanic slime creature is severely wounded.
The titanic slime creature is struck by your spines.
The titanic slime creature hits you!!!!
You die...

♣.≈≈♣≈..♣≈♣♣.♣♣.♣≈.♣♣.≈.≈.♣♣
♣.≈♣♣♣..♣♣♣♣.♣♣♣♣..♣♣♣≈♣♣♣♣
♣..♣ ♣♣....♣.♣....♣♣♣♣≈♣♣
♣≈. ♣♣♣♣.♣.♣.♣♣♣♣ ♣.♣.♣ ≈≈♣
♣.♣.♣.♣ ♣..♣♣ ♣.♣.♣.♣ ♣..♣
♣.♣.♣.♣ ♣♣♣♣ ♣.♣.♣.♣ ♣.♣.♣@♣
♣♣♣♣.♣.♣J♣ ♣♣....♣.♣..
♣..♣♣♣♣.♣♣♣♣ ♣..♣♣ ♣.♣
♣♣..♣♣♣.♣ ♣...♣♣.♣ ♣♣≈[.≈..♣
♣≈.≈..§♣♣


You could see a titanic slime creature.

Vanquished Creatures
  Mara (Spider:4)
  Saint Roka (Orc:2)
  Nikola (Swamp:2)
  Arachne (Spider:4)
  Agnes (Spider:3)
  2 thorn hunters (Swamp:3)
  Kirke (Spider:1)
  Roxanne (Spider:1)
  The ghost of RexLacerta the Warrior, a journeyman MiBe of Trog (D:15)
  A fire giant (D:15)
  Aizul (Spider:1)
  7 ghost moths
  6 emperor scorpions
  3 entropy weavers
  A spark wasp (Spider:4)
  Snorg (Lair:4)
  An ogre mage (D:13)
  Fannar (Lair:1)
  4 vault guards (D:14)
  12 hydras
  An ice dragon (Lair:2)
  A death knight (D:15)
  A merfolk avatar (Lair:6)
  3 centaur warriors
  6 alligators
  A tengu warrior (D:14)
  Urug (D:10)
  An orc high priest (Orc:2)
  Nergalle (D:12)
  A skeletal warrior (D:15)
  A deep troll (shapeshifter) (D:14)
  3 unseen horrors
  A spriggan druid (Swamp:3)
  A sea snake (Lair:6)
  2 swamp dragons (Swamp:1)
  A shambling mangrove (Swamp:3)
  A wizard (D:14)
  8 hill giants
  A phantasmal warrior (D:15)
  A harpy (Lair:6)
  A necromancer (IceCv)
  16 orb spiders
  28 wolf spiders
  3 deep elf magi
  3 orc sorcerers
  4 orc knights
  5 cyclopes
  6 ugly things
  A moth of wrath (Spider:2)
  A vault sentinel (D:14)
  A manticore (Lair:6)
  3 black mambas
  13 elephants
  12 spiny frogs
  4 torpor snails
  2 gargoyles
  An ice statue (IceCv)
  A kobold demonologist (D:11)
  10 demonic crawlers
  5 rime drakes
  11 freezing wraiths
  9 komodo dragons
  A guardian mummy (D:13)
  2 ice devils (D:11)
  A queen bee (D:11)
  2 tyrant leeches
  33 jumping spiders
  13 hornets
  4 polar bears (Lair:6)
  3 wolf spider simulacra
  Grinder (D:6)
  8 trolls
  A wind drake (Lair:6)
  3 two-headed ogres
  12 blink frogs
  12 slime creatures
  6 bog bodies
  7 hippogriffs
  88 redbacks
  2 spriggans (Swamp:3)
  A shadow (D:12)
  40 tarantellas
  33 yaks
  6 wyverns
  2 wraiths
  2 vampires
  7 hogs (Spider:1)
  3 basilisks
  A hungry ghost (D:12)
  A steam dragon (D:13)
  21 vampire mosquitoes
  3 wargs
  A soldier ant (D:14)
  A mottled dragon (D:13)
  13 water moccasins
  7 swamp worms
  12 porcupines
  4 swamp drakes
  6 ice beasts (IceCv)
  35 orc warriors
  7 sky beasts
  4 black bears
  An alligator simulacrum (IceCv)
  An ice beast (shapeshifter) (D:14)
  9 wolves
  17 ogres
  5 phantoms
  8 centaurs
  5 boggarts (D:15)
  11 crocodiles
  5 big kobolds
  18 bullfrogs
  13 scorpions
  28 killer bees
  5 electric eels
  A wight (D:14)
  3 howler monkeys
  6 crimson imps
  3 centaur zombies
  4 jellies
  4 quasits
  5 draconian simulacra (IceCv)
  3 human zombies (Ossuary)
  A bullfrog zombie (D:7)
  20 orc priests
  2 centaur skeletons
  A gnoll shaman (D:7)
  3 hounds
  30 orc wizards
  4 bullfrog skeletons
  An iguana (D:5)
  Jessica (D:3)
  5 hell rats (Lair:5)
  A polar bear simulacrum (IceCv)
  2 spriggan simulacra (IceCv)
  13 worker ants
  5 troll simulacra (IceCv)
  A killer bee zombie (D:9)
  2 big kobold zombies (Ossuary)
  4 centaur simulacra (IceCv)
  4 mummies
  A worker ant zombie (D:7)
  Robin (D:2)
  14 gnolls
  18 adders
  2 naga simulacra (IceCv)
  2 ogre simulacra (IceCv)
  2 river rats (Sewer)
  5 scorpion zombies (Ossuary)
  5 shadow imps
  12 white imps (IceCv)
  3 oozes
  3 adder skeletons
  4 worms
  A dart slug (D:1)
  6 leopard geckos
  110 orcs
  8 giant cockroaches
  14 hobgoblins
  14 jackals
  23 kobolds
  4 quokkas
  4 ball pythons
  6 bats
  4 frilled lizards
  A gnoll zombie (Ossuary)
  20 goblins
  2 goblin zombies (Ossuary)
  4 hobgoblin zombies
  3 kobold zombies
  2 leopard gecko skeletons
  2 orc zombies (Ossuary)
  2 quokka skeletons (D:5)
  11 rats
  3 briar patches (Swamp:3)
  5 fungi
  A plant (Lair:6)
1211 creatures vanquished.

Vanquished Creatures (collateral kills)
  A thorn hunter (Swamp:2)
1 creature vanquished.

Vanquished Creatures (others)
  An orb spider (Spider:2)
  A cyclops (D:15)
  A demonic crawler (Spider:2)
  A vampire mosquito (Lair:3)
  An orc warrior (D:15)
  A scorpion (Ossuary)
  An orc (D:15)
  A briar patch (Swamp:2)
  3 bushes
  5 fungi
  23 plants
39 creatures vanquished.

Grand Total: 1251 creatures vanquished

Notes
Turn   | Place    | Note
-------+----------+-------------------------------------------
     0 | D:1      | Vasilisck the Demonspawn Fighter began the quest for the Orb.
     0 | D:1      | Reached XP level 1. HP: 18/18 MP: 1/1
   132 | D:1      | Gained mutation: You are partially covered in rugged brown scales. (AC +1, +3% HP) [demonic ancestry]
   132 | D:1      | Reached XP level 2. HP: 16/24 MP: 2/2
   490 | D:1      | Gained mutation: You are mostly covered in rugged brown scales. (AC +2, +5% HP) [demonic ancestry]
   490 | D:1      | Reached XP level 3. HP: 21/30 MP: 3/3
   850 | D:2      | Noticed Robin
   868 | D:2      | Killed Robin
   868 | D:2      | Reached skill level 1 in Dodging
   885 | D:2      | Reached skill level 3 in Shields
  1721 | D:3      | Gained mutation: You are partially covered in sharp spines. [demonic ancestry]
  1721 | D:3      | Reached XP level 4. HP: 17/38 MP: 4/4
  1982 | D:3      | Gained mutation: You have a pair of small horns on your head. [demonic ancestry]
  1982 | D:3      | Reached XP level 5. HP: 39/44 MP: 5/5
  2022 | D:3      | Found a glowing drain.
  2026 | Sewer    | Entered a sewer
  2299 | Sewer    | Gained mutation: You are mostly covered in sharp spines. [demonic ancestry]
  2299 | Sewer    | Reached XP level 6. HP: 50/50 MP: 6/6
  2634 | D:3      | Noticed Jessica
  2637 | D:3      | Killed Jessica
  2848 | D:3      | Found a faded altar of an unknown god.
  3361 | D:4      | Reached skill level 4 in Shields
  3361 | D:4      | Gained mutation: You are immune to rotting. [demonic ancestry]
  3361 | D:4      | Reached XP level 7. HP: 22/57 MP: 7/7
  3569 | D:4      | Reached skill level 5 in Fighting
  4033 | D:4      | Reached XP level 8. HP: 66/66 MP: 8/8
  4041 | D:4      | Found a sacrificial altar of Ru.
  4048 | D:4      | Found a shattered altar of Ashenzari.
  4049 | D:4      | Found a hide-covered altar of Uskayaw.
  4052 | D:4      | Found a glowing golden altar of the Shining One.
  4061 | D:4      | Became a worshipper of Uskayaw the Reveler
  4188 | D:4      | Reached * piety under Uskayaw
  4297 | D:4      | Reached ** piety under Uskayaw
  4459 | D:5      | Entered Level 5 of the Dungeon
  4459 | D:5      | Found a stormy altar of Qazlal.
  4489 | D:5      | Reached skill level 5 in Armour
  4497 | D:5      | Gained mutation: Your natural rate of healing is unusually fast. [potion of beneficial mutation]
  4498 | D:5      | Gained mutation: You are somewhat resistant to further mutation. [potion of beneficial mutation]
  4752 | D:5      | Reached skill level 5 in Shields
  4837 | D:5      | Found a bloodstained altar of Trog.
  5328 | D:6      | Noticed Grinder
  5336 | D:6      | Reached *** piety under Uskayaw
  5345 | D:6      | Paralysed by Grinder for 3 turns
  5349 | D:6      | Killed Grinder
  5349 | D:6      | Reached skill level 5 in Axes
  5387 | D:6      | Found a sand-covered staircase.
  5394 | Ossuary  | Entered an ossuary
  5530 | Ossuary  | Reached **** piety under Uskayaw
  5544 | Ossuary  | Reached ***** piety under Uskayaw
  5561 | Ossuary  | Reached XP level 9. HP: 74/74 MP: 9/9
  5836 | D:6      | Found a staircase to the Ecumenical Temple.
  5849 | D:6      | Found Pirerigi's Distillery.
  5855 | D:6      | Bought a potion of agility for 60 gold pieces
  5855 | D:6      | Bought a potion of ambrosia for 120 gold pieces
  5886 | D:6      | Reached skill level 6 in Shields
  5973 | D:6      | Found an iron altar of Okawaru.
  6005 | D:6      | Found an ancient bone altar of Kikubaaqudgha.
  6252 | D:6      | Gained mutation: Your spells are a little easier to cast, but a little less powerful. [mutagenic meat]
  6253 | D:6      | Gained mutation: You are dopey. (Int -2) [mutagenic meat]
  6254 | D:6      | Gained mutation: You are very dopey. (Int -4) [mutagenic meat]
  6583 | D:6      | Found a shimmering altar of Xom.
  6584 | D:6      | Found a burning altar of Makhleb.
  6920 | D:7      | Found a bloodstained altar of Trog.
  6978 | D:7      | Found a shimmering altar of Xom.
  7239 | D:7      | Found Zang's Magic Scroll Shoppe.
  7295 | D:7      | Found a sacrificial altar of Ru.
  7494 | D:8      | Reached XP level 10. HP: 84/84 MP: 10/10
  7581 | D:8      | Gained mutation: You are frail. (-10% HP) [mutagenic meat]
  7582 | D:8      | Lost mutation: You are frail. (-10% HP) [mutagenic meat]
  7836 | D:8      | Reached skill level 7 in Shields
  8006 | D:8      | Found Zarag's Antique Armour Shop.
  8045 | D:8      | Found an opulent altar of Gozag.
  8045 | D:8      | Found a glowing silver altar of Zin.
  8896 | D:10     | Entered Level 10 of the Dungeon
  8945 | D:10     | Reached ****** piety under Uskayaw
  9053 | D:10     | Found Wuilit's Assorted Antiques.
  9062 | D:10     | Bought a scintillating zirconium amulet for 130 gold pieces
  9063 | D:10     | Identified the amulet of Tost {RegenMP Dex+3} (You bought it in a shop on level 10 of the Dungeon)
  9091 | D:10     | Noticed Urug
  9106 | D:10     | Killed Urug
  9256 | D:10     | Found Eduah's Book Emporium.
  9263 | D:10     | Noticed a hill giant
  9271 | D:10     | Killed a hill giant
  9362 | D:10     | Reached skill level 1 in Invocations
  9551 | D:10     | Found Hippem's Gadget Shop.
  9582 | D:10     | Found a staircase to the Lair.
  9612 | D:10     | Gained mutation: You may emit foul miasma when damaged in melee. [demonic ancestry]
  9612 | D:10     | Reached XP level 11. HP: 28/93 MP: 11/13
  9908 | D:11     | Found a staircase to the Orcish Mines.
 10061 | D:11     | Noticed a hill giant
 10065 | D:11     | Noticed a green ugly thing
 10069 | D:11     | Killed a hill giant
 10069 | D:11     | Reached skill level 5 in Invocations
 10073 | D:11     | Noticed a sixfirhy
 10073 | D:11     | Killed a green ugly thing
 10076 | D:11     | Noticed a soul eater
 10127 | D:11     | Noticed a hill giant
 10141 | D:11     | Killed a hill giant
 10267 | D:11     | Reached skill level 8 in Shields
 10342 | D:11     | Found a frozen archway.
 10371 | IceCv    | Entered an ice cave
 10772 | IceCv    | Found an ancient bone altar of Kikubaaqudgha.
 10798 | IceCv    | Reached skill level 10 in Fighting
 10998 | IceCv    | Noticed a necromancer
 11007 | IceCv    | Killed a necromancer
 11007 | IceCv    | Gained mutation: You have a pair of horns on your head. [demonic ancestry]
 11007 | IceCv    | Reached XP level 12. HP: 56/101 MP: 14/18
 11493 | Lair:1   | Entered Level 1 of the Lair of Beasts
 11755 | Lair:1   | Reached skill level 9 in Shields
 12239 | Lair:1   | Noticed Fannar
 12260 | Lair:1   | Killed Fannar
 13137 | Lair:2   | Noticed an ice dragon
 13153 | Lair:2   | Killed an ice dragon
 13585 | D:7      | Bought a scroll of acquirement for 624 gold pieces
 13898 | Lair:3   | Reached skill level 10 in Armour
 13900 | Lair:3   | Found a staircase to the Swamp.
 13955 | Lair:3   | Found a hole to the Spider Nest.
 13987 | Lair:3   | Lost mutation: Your natural rate of healing is unusually fast. [potion of cure mutation]
 13987 | Lair:3   | Lost mutation: You are very dopey. (Int -4) [potion of cure mutation]
 13987 | Lair:3   | Lost mutation: Your spells are a little easier to cast, but a little less powerful. [potion of cure mutation]
 13987 | Lair:3   | Lost mutation: You are dopey. (Int -2) [potion of cure mutation]
 13987 | Lair:3   | Lost mutation: You are somewhat resistant to further mutation. [potion of cure mutation]
 14011 | Lair:3   | Noticed an eight-headed hydra
 14019 | Lair:3   | Killed an eight-headed hydra
 14423 | Lair:3   | Found a basalt altar of Yredelemnul.
 14553 | Lair:3   | Reached skill level 10 in Shields
 14553 | Lair:3   | Reached XP level 13. HP: 101/111 MP: 19/19
 14599 | Lair:3   | Reached skill level 10 in Axes
 15048 | Lair:4   | Noticed Snorg
 15072 | Lair:4   | Killed Snorg
 15844 | Lair:5   | Found a staircase to the Slime Pits.
 15845 | Lair:5   | Found a viscous altar of Jiyva.
 15871 | Lair:5   | You fall through a shaft!
 15871 | Lair:6   | Entered Level 6 of the Lair of Beasts
 17048 | Lair:6   | Reached skill level 11 in Shields
 17078 | Lair:6   | Reached XP level 14. HP: 45/121 MP: 2/20
 18474 | D:12     | Got a crude falchion {venom}
 18502 | D:12     | Identified the +5 falchion of Tortfeasance {venom, rF++ Int+6 Dex-4} (You took it off a kobold on level 12 of the Dungeon)
 18571 | D:12     | Found a burning altar of Makhleb.
 18920 | D:12     | Noticed Nergalle
 18933 | D:12     | Killed Nergalle
 18989 | D:13     | Found a bloodstained altar of Trog.
 19464 | D:13     | Found a portal to a secret trove of treasure.
 20026 | D:14     | Found a gate to the Vaults.
 20042 | D:14     | Reached skill level 12 in Shields
 20708 | D:14     | Found Asinaso's Weapon Shop.
 20889 | D:14     | Reached XP level 15. HP: 121/130 MP: 21/21
 21218 | Orc:1    | Entered Level 1 of the Orcish Mines
 21218 | Orc:1    | Found a roughly hewn altar of Beogh.
 21419 | D:8      | Bought a jewelled plate armour for 588 gold pieces
 21429 | D:8      | Identified the cursed +0 plate armour "Xitriph" {rPois} (You bought it in a shop on level 8 of the Dungeon)
 21685 | Orc:2    | Entered Level 2 of the Orcish Mines
 21972 | Orc:2    | Found a roughly hewn altar of Beogh.
 22000 | Orc:2    | Found a roughly hewn altar of Beogh.
 22001 | Orc:2    | Found Asinwa's Gadget Boutique.
 22086 | Orc:2    | Found Seshenk's Food Emporium.
 22242 | Orc:2    | Found a staircase to the Elven Halls.
 22301 | Orc:2    | Found a roughly hewn altar of Beogh.
 22302 | Orc:2    | Found Woppof's Food Shop.
 22508 | Orc:2    | Noticed Saint Roka
 22530 | Orc:2    | Killed Saint Roka
 22852 | Orc:2    | Found Imepa's Antique Weapon Boutique.
 22853 | Orc:2    | Found a roughly hewn altar of Beogh.
 22855 | Orc:2    | Found Veak's Antique Armour Shop.
 22914 | Orc:2    | Found a roughly hewn altar of Beogh.
 23026 | Orc:1    | Found a runed door.
 23358 | Orc:1    | Found a roughly hewn altar of Beogh.
 23372 | Orc:1    | Got a fine trident
 23373 | Orc:1    | Identified the +7 trident "Gefradow" {pierce, rC+ Int+4 Dex+3} (You found it on level 1 of the Orcish Mines)
 23700 | Spider:1 | Entered Level 1 of the Spider Nest
 24043 | Spider:1 | Noticed Roxanne
 24062 | Spider:1 | Killed Roxanne
 24063 | Spider:1 | Identified Roxanne's Papyrus of Moulding (You took it off Roxanne on level 1 of the Spider Nest)
 24370 | Spider:1 | Noticed Aizul
 24392 | Spider:1 | Killed Aizul
 25204 | Spider:1 | Noticed Kirke
 25213 | Spider:1 | Killed Kirke
 25484 | Spider:1 | HP: 2/132 [jumping spider (16)]
 25883 | Spider:2 | Reached skill level 13 in Shields
 26034 | Spider:1 | HP: 6/133 [poisoned by a redback]
 26040 | Spider:1 | HP: 5/133 [poisoned by a redback]
 26046 | Spider:1 | HP: 5/133 [poisoned by a redback]
 26054 | Spider:1 | HP: 6/133 [poisoned by a redback]
 26716 | Spider:2 | Gained mutation: You have a pair of large horns on your head. [demonic ancestry]
 26716 | Spider:2 | Reached XP level 16. HP: 98/140 MP: 22/22
 28029 | Spider:3 | Gained mutation: You evolve. [mutagenic meat]
 28030 | Spider:3 | Gained mutation: You are resistant to hostile enchantments. (MR+) [mutagenic meat]
 28031 | Spider:3 | Gained mutation: You have supernaturally acute eyesight. (SInv) [mutagenic meat]
 28032 | Spider:3 | Gained mutation: You have an increased reservoir of magic. (+10% MP) [mutagenic meat]
 28549 | Spider:4 | Entered Level 4 of the Spider Nest
 28607 | Spider:4 | Noticed Agnes
 28612 | Spider:4 | Noticed Mara
 28614 | Spider:4 | Noticed Vasilisck's illusion
 28619 | Spider:4 | HP: 6/140 [Mara (illusionary)/bolt of fire (16)]
 28627 | Spider:4 | HP: 5/140 [Agnes/lajatang of speed (20)]
 28630 | Spider:3 | Killed Agnes
 29014 | Spider:4 | Noticed Vasilisck's illusion
 29170 | Spider:4 | Noticed Vasilisck's illusion
 29198 | Spider:4 | Killed Mara
 29198 | Spider:4 | Reached skill level 14 in Shields
 29744 | Spider:4 | Reached skill level 15 in Shields
 29744 | Spider:4 | Reached XP level 17. HP: 147/147 MP: 25/25
 29756 | Spider:4 | Noticed Arachne
 29790 | Spider:4 | Killed Arachne
 30225 | Spider:4 | Reached skill level 5 in Dodging
 30509 | Spider:4 | Reached XP level 18. HP: 149/155 MP: 26/26
 31122 | Spider:4 | Got a gossamer rune of Zot
 31667 | D:15     | Entered Level 15 of the Dungeon
 31719 | D:15     | Found a staircase to the Depths.
 31999 | D:15     | Found a blossoming altar of Fedhas.
 32337 | D:15     | Noticed RexLacerta's ghost (journeyman MiBe)
 32357 | D:15     | Killed RexLacerta's ghost
 32357 | D:15     | Reached skill level 10 in Dodging
 32851 | Swamp:1  | Entered Level 1 of the Swamp
 33740 | Swamp:2  | Noticed Nikola
 33766 | Swamp:2  | Killed Nikola
 34171 | Swamp:2  | Gained mutation: Your spells are a little harder to cast, but a little more powerful. [potion of beneficial mutation]
 35764 | Swamp:3  | Got a smoking rapier
 35765 | Swamp:3  | Identified the cursed +1 rapier of Qazlal's Pride {freeze, *Rage rPois rF+ Int+2} (You found it on level 3 of the Swamp)
 35892 | Swamp:3  | Mangled by a titanic slime creature

Skill      XL: |  1  2  3  4  5  6  7  8  9 10 11 12 13 14 15 16 17 18 |
---------------+-------------------------------------------------------+-----
Axes           | 2 3 4 5 6 7 8 9 10 11 12 13 | 13.3
Dodging        | 1 2 5 11 | 11.9
Shields        | 3 4 5 6 7 8 10 11 12 13 15 | 15.2
Armour         | 3 4 5 6 8 9 10 11 12 13 | 13.6
Fighting       | 4 5 6 8 9 10 11 12 13 14 | 14.9
Invocations    | 3 8 |  8.2

Action                   |  1- 3 |  4- 6 |  7- 9 | 10-12 | 13-15 | 16-18 || total
-------------------------+-------+-------+-------+-------+-------+-------++-------
Melee: War axe           |   158 |   161 |   405 |   632 |   555 |       ||  1911
       Headbutt          |       |    19 |    77 |   174 |   278 |   204 ||   752
       Broad axe         |       |       |       |       |   451 |   783 ||  1234
Invok: Stomp             |       |       |     2 |    31 |    35 |     2 ||    70
       Line Pass         |       |       |       |       |     4 |     2 ||     6
       Grand Finale      |       |       |       |       |     2 |       ||     2
Evoke: Wand              |       |       |       |       |    19 |     9 ||    28
       Disc of storms    |       |       |       |       |       |     3 ||     3
  Use: Potion            |     1 |     6 |     3 |     3 |    12 |     9 ||    34
       Scroll            |       |    10 |     9 |     7 |    13 |    11 ||    50
 Stab: Paralysed         |       |       |    20 |    59 |   144 |   112 ||   335
       Held in net/web   |       |       |       |       |       |     1 ||     1
  Eat: Chunk             |     1 |     3 |    17 |    19 |    23 |    18 ||    81
       Bread ration      |     1 |       |     2 |       |     1 |       ||     4
       Beef jerky        |       |       |     2 |     1 |     2 |     3 ||     8
       Pizza             |       |       |       |     7 |     1 |     6 ||    14
       Meat ration       |       |       |       |       |     2 |       ||     2
       Fruit             |       |       |       |       |     3 |     4 ||     7
       Royal jelly       |       |       |       |       |     2 |       ||     2
Armor: Scale mail        |    90 |    41 |       |       |       |       ||   131
       Gold dragon scale |       |    33 |   242 |   405 |   712 |   461 ||  1853
Dodge: Dodged            |    53 |    37 |    22 |    80 |   190 |   185 ||   567
Block: Shield            |    77 |    82 |   256 |   463 |   885 |   876 ||  2639
       Reflection        |       |       |       |       |     7 |    14 ||    21
